 Dungeon Crawl Stone Soup version 0.21.0-25-ge575cb9 (webtiles) character file.

188558 microfolk the Bludgeoner (level 18, 0/126 HPs)
             Began as a Gargoyle Berserker on Jan 22, 2018.
             Was a High Priest of Trog.
             Killed from afar by a shock serpent (28 damage)
             ... with an electric aura
             ... on level 3 of the Snake Pit.
             The game lasted 02:16:03 (45729 turns).

microfolk the Bludgeoner (Gargoyle Berserker)      Turns: 45729, Time: 02:16:04

Health: 0/126      AC: 45    Str: 25    XL:     18   Next: 55%
Magic:  24/24      EV:  9    Int: 13    God:    Trog [*****.]
Gold:   3730       SH:  3    Dex: 12    Spells: 17/17 levels left

rFire    . . .     SeeInvis .   N - +6 great mace (freeze)
rCold    . . .     Gourm    .   (shield currently unavailable)
rNeg     + . .     Faith    .   F - +0 plate armour
rPois    ∞         Spirit   .   f - +0 helmet
rElec    +         Reflect  +   S - +2 cloak
rCorr    .         Harm     .   Q - +0 pair of gloves
MR       ++...                  T - +0 pair of boots
Stlth    ..........             M - +3 amulet of reflection
HPRegen  0.31/turn              v - +4 ring of protection
MPRegen  0.19/turn              r - ring of protection from magic

@: berserk cooldown, flying, very slightly contaminated, slowed, studying
Crossbows, very slow
A: big wings, clever 2, negative energy resistance 1, sense surroundings 1,
electricity resistance, unbreathing, petrification resistance, rot immunity, AC
+13
a: Stop Flying, Berserk, Trog's Hand, Brothers in Arms, Burn Spellbooks,
Renounce Religion


You were on level 3 of the Snake Pit.
You worshipped Trog.
Trog was extremely pleased with you.
You were not hungry.

You visited 5 branches of the dungeon, and saw 30 of its levels.
You also visited: Labyrinth and Bailey.

You collected 4255 gold pieces.
You spent 525 gold pieces at shops.

Inventory:

Hand Weapons
 k - the +5 great mace of Noshakoi {freeze, rPois rF+ Str-4 SInv}
   (Trog gifted it to you on level 3 of the Shoals)

   It has been specially enchanted to freeze those struck by it, causing extra
   injury to most foes and up to half again as much damage against particularly
   susceptible opponents.
   It can also slow down cold-blooded creatures.
   It affects your strength (-4).
   It protects you from fire.
   It protects you from poison.
   It lets you see invisible.
 L - a +8 antimagic dire flail
 N - a +6 great mace of freezing (weapon)
Missiles
 b - 11 throwing nets (quivered)
 p - 28 javelins of returning
Armour
 f - a +0 helmet (worn)
 F - a +0 plate armour (worn)
 Q - a +0 pair of gloves (worn)
 S - a +2 cloak (worn)
 T - a +0 pair of boots (worn)
Jewellery
 a - a +4 ring of dexterity
 r - a ring of protection from magic (right hand)
 v - a +4 ring of protection (left hand)
 z - an uncursed ring of fire
 D - an uncursed ring of positive energy
 I - an uncursed amulet of the gourmand
 J - an uncursed ring of protection from cold
 M - a +3 amulet of reflection (around neck)
Wands
 d - a wand of paralysis (55)
 t - a wand of scattershot (7)
 u - a wand of digging (28)
 A - a wand of enslavement (13)
 H - a wand of flame (109)
 K - a wand of iceblast (17)
Scrolls
 h - 5 scrolls of fog
 i - a scroll of holy word
 j - 5 scrolls of fear
 l - 13 scrolls of remove curse
 n - 3 scrolls of immolation
 s - 4 scrolls of magic mapping
 y - 4 scrolls of silence
 C - 4 scrolls of noise
 R - a scroll of summoning
 V - 5 scrolls of identify
 X - a scroll of enchant armour
 Z - 6 scrolls of teleportation
Potions
 g - a potion of resistance
 m - 15 potions of curing
 q - 4 potions of invisibility
 w - 3 potions of might
 x - 5 potions of heal wounds
 E - 5 potions of mutation
 G - a potion of haste
 U - 3 potions of cancellation
 W - 3 potions of agility
Books
 e - a manual of Crossbows
Miscellaneous
 B - a phial of floods
 O - a fan of gales
Comestibles
 c - 35 rations


   Skills:
 + Level 18.5 Fighting
 + Level 18.7 Maces & Flails
 + Level 18.4 Armour
 - Level 1.5 Dodging
 + Level 8.7 Evocations


You had 17 spell levels left.
You didn't know any spells.

Dungeon Overview and Level Annotations

Branches:
Dungeon (15/15)            Temple (0/1) D:5            Lair (6/6) D:10
 Shoals (3/4) Lair:3        Snake (4/4) Lair:2        Slime (0/5) Lair:5
    Orc (2/2) D:9             Elf (0/3) Orc:2        Vaults (0/5) D:14
 Depths (0/5) D:15

Altars:
Dithmenos
Gozag
Hepliaklqana
Kikubaaqudgha
Makhleb
Nemelex Xobeh
Qazlal
Sif Muna
Trog
Xom
The Shining One
Jiyva

Shops:
D:7 ?   Orc:2 %?(}   Shoals:2 }

Portals:
Pandemonium: Orc:2

Annotations:
D:3 komo4ek's ghost, amateur NaVM
Lair:4 exclusion: 4 oklob plants
Snake:4 exclusion: 3 doors
Orc:2 Azrael


Innate Abilities, Weirdness & Mutations

You are resistant to torment.
Your stone body is resilient. (AC +13)
You are immune to poison.
Your large and strong wings let you fly indefinitely.
You resist negative energy. (rN+)
You are resistant to electric shocks. (rElec)
You can survive without breathing.
You are immune to petrification.
You are immune to rotting.
Your mind is very acute. (Int +4)
You passively map a small area around you.


Message History

The shock serpent completely resists.
The anaconda loses its grip on you. You block the shock serpent's attack.
The shock serpent misses you. The shock serpent misses you.
The shock serpent bites you.
* * * LOW HITPOINT WARNING * * *
The shock serpent shocks you. You resist.
* * * LOW HITPOINT WARNING * * *
You fly upwards.
There is a stone staircase leading down here.
You sock the shock serpent! You freeze the shock serpent.
The shock serpent is moderately wounded.
The shock serpent's electric aura discharges, shocking you!
Your skin stops crawling.
You feel less resistant to hostile enchantments.
You block the shock serpent's attack.
The shock serpent bites you but does no damage.
You bludgeon the shock serpent!! You freeze the shock serpent!
You kill the shock serpent!
Trog accepts your kill.
The air sparks with electricity, shocking you!
You die...

####...........................##
...#...........................##
...##............................
....#............................
....#............................
....#...........................#
#..##...........................#
####.............................
.[).............@)....>..........
..).......)###...................
####......#'.##..................
#..#......#...'................##
...'..).)[###'#................#
..##)....))....................##
..#.)............................
..#..............................
###..................>...........


There were no monsters in sight!

Vanquished Creatures
  Kirke (Shoals:1)
  Frances (D:14)
  3 nagarajas (Snake:4)
  Louise (Snake:2)
  A merfolk javelineer (Shoals:3)
  Josephine (Lair:4)
  4 merfolk impalers
  A minotaur (Lab)
  3 ogre magi
  5 hydras
  Harold (D:10)
  5 naga warriors
  5 centaur warriors
  Erica (Lair:2)
  A catoblepas (D:15)
  7 anacondas
  3 merfolk avatars
  4 merfolk aquamancers
  A satyr (Shoals:3)
  15 two-headed ogres
  2 tengu warriors (D:13)
  4 orc high priests
  10 shock serpents
  A soul eater (Orc:2)
  9 naga sharpshooters
  3 skeletal warriors
  4 unseen horrors
  3 salamander mystics
  9 sea snakes
  2 infernal demonspawn
  2 torturous demonspawn (Orc:2)
  3 naga ritualists
  11 harpies
  6 orc knights
  4 wizards
  6 ugly things
  10 mana vipers
  4 deep elf magi (D:15)
  An oklob plant (D:10)
  5 manticores
  9 orc sorcerers
  4 cyclopes
  3 fauns (Shoals:3)
  7 salamanders
  6 elephants (Lair:3)
  6 merfolk sirens
  26 black mambas
  4 water nymphs
  12 naga magi
  2 gargoyles
  A guardian serpent (Snake:3)
  17 spiny frogs
  5 yaktaurs (D:15)
  6 komodo dragons
  4 rime drakes
  A tengu conjurer (D:15)
  2 ice devils (Orc:2)
  3 meliai (D:15)
  27 merfolk
  9 trolls
  6 wind drakes (Shoals:3)
  2 queen bees
  27 blink frogs
  3 polar bears
  A hornet (D:14)
  4 tyrant leeches (Lair:6)
  13 snapping turtles
  4 slime creatures (D:12)
  11 dream sheep
  12 hippogriffs
  Sigmund (D:3)
  4 wraiths (Lair:5)
  6 wyverns
  A ynoxinul (Orc:2)
  3 fire elementals (Orc:1)
  2 basilisks (Lair:4)
  15 water elementals
  44 yaks
  2 hogs (Shoals:1)
  11 vampire mosquitoes
  2 steam dragons (Shoals:3)
  3 hungry ghosts
  35 nagas
  15 two-headed ogre zombies (Orc:1)
  3 wargs
  7 porcupines
  3 hell hounds
  13 water moccasins
  2 acid dragons
  40 orc warriors
  3 ice beasts
  2 phantoms (D:6)
  4 sky beasts
  2 black bears (D:10)
  16 ogres
  6 necrophages
  2 eyes of draining (D:9)
  10 wolves
  16 centaurs
  15 crocodiles
  2 big kobolds
  33 bullfrogs
  2 gnoll sergeants
  A wyvern skeleton (D:10)
  3 scorpions
  59 killer bees
  4 electric eels
  3 crimson imps
  A howler monkey (D:11)
  5 bullfrog zombies
  3 centaur zombies
  5 jellies
  8 hounds
  25 orc wizards
  5 bullfrog skeletons
  2 centaur skeletons
  27 orc priests
  A gnoll shaman (D:7)
  Ijyb (D:3)
  4 iguanas
  Natasha (thrice) (D:3)
  11 worker ants
  Robin (D:3)
  23 gnolls
  11 adders
  5 shadow imps
  3 oozes
  An adder skeleton (D:9)
  An adder zombie (D:9)
  3 worms
  3 dart slugs
  7 leopard geckos
  95 orcs
  2 ball pythons
  2 giant cockroaches
  18 goblins
  14 hobgoblins
  4 jackals
  18 kobolds
  3 quokkas
  8 bats
  7 frilled lizards
  3 jackal skeletons (D:4)
  A leopard gecko skeleton (D:4)
  A quokka skeleton (D:6)
  6 rats
  A fungus (D:3)
1137 creatures vanquished.

Vanquished Creatures (collateral kills)
  Rupert (Lair:3)
  Fannar (D:11)
  2 orc high priests (Orc:2)
  A soul eater (Orc:2)
  An unseen horror (D:11)
  The ghost of qeurul the Covert, a novice SpEn (D:9)
  2 orc warriors
  2 orc priests (Orc:2)
  An orc (Orc:1)
12 creatures vanquished.

Vanquished Creatures (others)
  A naga sharpshooter (Snake:1)
  5 dream sheep (Lair:1)
  A kobold (Bailey)
  6 fungi
  31 plants
44 creatures vanquished.

Grand Total: 1193 creatures vanquished

Notes
Turn   | Place    | Note
-------+----------+-------------------------------------------
     0 | D:1      | microfolk the Gargoyle Berserker began the quest for the Orb.
     0 | D:1      | Reached XP level 1. HP: 14/14 MP: 1/1
   179 | D:1      | Reached XP level 2. HP: 18/19 MP: 2/2
   588 | D:1      | Reached ** piety under Trog
   596 | D:1      | Reached XP level 3. HP: 22/23 MP: 3/3
  1377 | D:2      | Found a faded altar of an unknown god.
  1378 | D:2      | Reached XP level 4. HP: 29/29 MP: 4/4
  1902 | D:3      | Noticed Robin
  1918 | D:3      | Killed Robin
  1919 | D:3      | Reached *** piety under Trog
  2271 | D:3      | Found a stormy altar of Qazlal.
  2295 | D:3      | Noticed Natasha
  2312 | D:3      | Killed Natasha
  2312 | D:3      | Reached XP level 5. HP: 23/33 MP: 5/5
  2322 | D:3      | Noticed komo4ek's ghost (amateur NaVM)
  2324 | D:3      | Noticed Natasha
  2415 | D:3      | Found an opulent altar of Gozag.
  2480 | D:3      | Killed Natasha
  2588 | D:3      | Noticed Sigmund
  2609 | D:3      | Killed Sigmund
  2609 | D:3      | Reached skill level 5 in Maces & Flails
  2609 | D:3      | Reached XP level 6. HP: 39/39 MP: 6/6
  2749 | D:3      | Noticed Ijyb
  2809 | D:3      | Killed Ijyb
  2976 | D:3      | Noticed Natasha
  2991 | D:3      | Killed Natasha
  3068 | D:3      | Reached skill level 5 in Fighting
  3154 | D:3      | Gained mutation: You are weak. (Str -2) [potion of mutation]
  3154 | D:3      | Gained mutation: You tend to lose your temper in combat. [potion of mutation]
  3154 | D:3      | Gained mutation: You are resistant to hostile enchantments. (MR+) [potion of mutation]
  3155 | D:3      | Lost mutation: You are resistant to hostile enchantments. (MR+) [potion of mutation]
  3155 | D:3      | Lost mutation: You are weak. (Str -2) [potion of mutation]
  3155 | D:3      | Gained mutation: You passively map a small area around you. [potion of mutation]
  3155 | D:3      | Lost mutation: You tend to lose your temper in combat. [potion of mutation]
  3155 | D:3      | Gained mutation: Your mind is acute. (Int +2) [potion of mutation]
  3155 | D:3      | Gained mutation: Your mind is very acute. (Int +4) [potion of mutation]
  3177 | D:4      | Reached XP level 7. HP: 44/44 MP: 7/7
  4535 | D:5      | Entered Level 5 of the Dungeon
  4550 | D:5      | Reached skill level 5 in Armour
  4550 | D:5      | Reached XP level 8. HP: 18/51 MP: 8/8
  4981 | D:5      | Found a staircase to the Ecumenical Temple.
  5815 | D:6      | Reached **** piety under Trog
  6290 | D:6      | Reached XP level 9. HP: 54/56 MP: 9/9
  6526 | D:7      | Found a burning altar of Makhleb.
  6534 | D:7      | Found a hazy altar of Hepliaklqana.
  7292 | D:7      | Found Affeg's Magic Scroll Shop.
  7295 | D:7      | Found a sparkling altar of Nemelex Xobeh.
  7306 | D:7      | Bought a scroll of random uselessness for 15 gold pieces
  7337 | D:7      | Found an ancient bone altar of Kikubaaqudgha.
  7686 | D:7      | Found a shadowy altar of Dithmenos.
  8370 | D:8      | Noticed a two-headed ogre
  8521 | D:8      | Got a distressingly furry scale mail
  8535 | D:8      | Identified the +3 scale mail of the Wheelwright {rF- Int+6} (You found it on level 8 of the Dungeon)
  8694 | D:8      | Killed a two-headed ogre
  8694 | D:8      | Reached skill level 10 in Maces & Flails
  8694 | D:8      | Reached XP level 10. HP: 64/64 MP: 10/10
  9481 | D:9      | Noticed a centaur warrior
  9500 | D:9      | Killed a centaur warrior
  9634 | D:9      | Reached ***** piety under Trog
  9652 | D:9      | Noticed a two-headed ogre
  9659 | D:9      | Killed a two-headed ogre
  9704 | D:9      | Found a staircase to the Orcish Mines.
 10016 | D:9      | Noticed qeurul's ghost (novice SpEn)
 10021 | D:9      | Killed qeurul's ghost
 10254 | D:9      | Noticed a two-headed ogre
 10265 | D:9      | Killed a two-headed ogre
 10265 | D:9      | Reached XP level 11. HP: 71/71 MP: 11/11
 10510 | D:10     | Entered Level 10 of the Dungeon
 10830 | D:10     | Noticed Harold
 10848 | D:10     | Killed Harold
 10848 | D:10     | Reached skill level 10 in Fighting
 11027 | D:10     | Noticed an oklob plant
 11604 | D:10     | Received a gift from Trog
 11652 | D:10     | Found a staircase to the Lair.
 11922 | D:10     | Killed an unseen horror
 11922 | D:10     | Reached skill level 10 in Armour
 12569 | D:11     | Noticed Fannar
 12712 | D:11     | Killed Fannar
 12725 | D:11     | Killed an unseen horror
 13659 | D:12     | Noticed a skeletal warrior
 13659 | D:12     | Noticed a skeletal warrior
 13903 | Orc:1    | Entered Level 1 of the Orcish Mines
 14223 | Orc:2    | Entered Level 2 of the Orcish Mines
 14469 | Orc:1    | Reached XP level 12. HP: 78/80 MP: 12/12
 15157 | Orc:2    | Found Titomylif's Food Shop.
 15492 | Orc:2    | Found Lijiaz's Magic Scroll Boutique.
 15948 | Orc:2    | Noticed a soul eater
 15959 | Orc:2    | Killed a soul eater
 15962 | Orc:2    | Noticed an orc high priest
 15980 | Orc:2    | Noticed a soul eater
 15986 | Orc:2    | Killed an orc high priest
 16008 | Orc:2    | Noticed a soul eater
 16498 | Orc:2    | Killed a soul eater
 16610 | Orc:2    | Noticed an orc high priest
 16715 | Orc:2    | Killed an orc high priest
 17196 | Orc:2    | Found a staircase to the Elven Halls.
 18188 | Orc:2    | Noticed Azrael
 18410 | Orc:1    | Reached XP level 13. HP: 81/87 MP: 13/13
 18617 | Orc:1    | Noticed an ogre mage
 18929 | Orc:1    | Killed an ogre mage
 20392 | D:12     | Noticed an ettin
 21271 | D:13     | Found an opulent altar of Gozag.
 21272 | D:13     | Found a flagged portal.
 21307 | Bailey   | Entered a bailey
 22570 | D:13     | Reached skill level 15 in Maces & Flails
 23007 | D:14     | Found a deep blue altar of Sif Muna.
 23018 | D:14     | Received a gift from Trog
 23245 | D:14     | Gained mutation: Your large and strong wings let you fly indefinitely. [Gargoyle growth]
 23245 | D:14     | Reached XP level 14. HP: 87/95 MP: 14/14
 23771 | D:14     | Noticed Frances
 23810 | D:14     | Killed Frances
 23893 | D:14     | Found a glowing golden altar of the Shining One.
 24158 | D:14     | Found a gate to the Vaults.
 24306 | D:15     | Entered Level 15 of the Dungeon
 24308 | D:15     | Found a bloodstained altar of Trog.
 25096 | D:15     | Paralysed by a wizard for 5 turns
 25595 | D:15     | Reached skill level 15 in Fighting
 26005 | D:15     | Found a staircase to the Depths.
 26059 | D:15     | HP: 1/98 [two-headed ogre/giant club (7)]
 26931 | D:15     | Reached skill level 15 in Armour
 27394 | Orc:2    | Reached XP level 15. HP: 96/103 MP: 15/15
 27625 | Orc:2    | Paralysed by an orc sorcerer for 6 turns
 27808 | Orc:2    | Found Dyschey's Gadget Emporium.
 27808 | Orc:2    | Found a one-way gate leading to the halls of Pandemonium.
 27808 | Orc:2    | Found Caugguvyss's Antique Weapon Shoppe.
 27828 | Orc:2    | Bought a wand of iceblast (10) for 210 gold pieces
 28098 | Lair:1   | Entered Level 1 of the Lair of Beasts
 28125 | Lair:1   | Found a labyrinth entrance.
 28161 | Lab      | Entered a labyrinth
 28905 | Lab      | Identified Further Progress in Witchcraft
 28905 | Lab      | Identified Sif Muna's Tome of Evil Secrets and Clay
 29533 | Lair:1   | Found a shimmering altar of Xom.
 30231 | Lair:2   | Found a staircase to the Snake Pit.
 30287 | Lair:2   | Noticed Erica
 30320 | Lair:2   | Killed Erica
 30585 | Lair:2   | Received a gift from Trog
 31334 | Lair:3   | Found a staircase to the Shoals.
 31414 | Lair:3   | Received a gift from Trog
 31727 | Lair:3   | Noticed Rupert
 31739 | Lair:3   | Killed Rupert
 32369 | Lair:4   | Reached skill level 1 in Evocations
 32867 | Lair:4   | Reached XP level 16. HP: 88/111 MP: 16/16
 32987 | Lair:5   | Noticed Josephine
 33003 | Lair:4   | Killed Josephine
 33142 | Lair:5   | Found a viscous altar of Jiyva.
 33486 | Lair:5   | Received a gift from Trog
 33574 | Lair:5   | Found a staircase to the Slime Pits.
 33818 | Lair:6   | Entered Level 6 of the Lair of Beasts
 35363 | Snake:1  | Entered Level 1 of the Snake Pit
 35658 | Snake:1  | Received a gift from Trog
 36455 | Snake:1  | Reached skill level 5 in Evocations
 37313 | Snake:2  | Noticed Louise
 37341 | Snake:2  | Killed Louise
 37341 | Snake:2  | Reached XP level 17. HP: 117/117 MP: 7/21
 39105 | Shoals:1 | Entered Level 1 of the Shoals
 39123 | Shoals:1 | Received a gift from Trog
 39422 | Shoals:1 | Noticed Kirke
 39761 | Shoals:1 | Killed Kirke
 40336 | Shoals:2 | Found Goigiych's Gadget Emporium.
 40377 | Shoals:2 | Bought a sack of spiders for 300 gold pieces
 41179 | Shoals:3 | Received a gift from Trog
 41182 | Shoals:3 | Got an ichor-stained great mace {god gift}
 41186 | Shoals:2 | Identified the +5 great mace of Noshakoi {freeze, rPois rF+ Str-4 SInv} (Trog gifted it to you on level 3 of the Shoals)
 42385 | Shoals:3 | Reached XP level 18. HP: 105/125 MP: 23/23
 43667 | Snake:4  | Entered Level 4 of the Snake Pit
 45053 | Snake:4  | Received a gift from Trog
 45080 | Snake:4  | Got a shimmering mace {god gift}
 45089 | Snake:3  | Identified the +2 mace of Cruel Justice {holy, MR+} (Trog gifted it to you on level 4 of the Snake Pit)
 45729 | Snake:3  | Killed from afar by a shock serpent

Skill      XL: |  1  2  3  4  5  6  7  8  9 10 11 12 13 14 15 16 17 18 |
---------------+-------------------------------------------------------+-----
Maces & Flails | 4 5 6 8 10 11 13 14 15 16 17 18 | 18.7
Armour         | 3 4 5 6 7 9 10 12 13 15 16 17 18 | 18.4
Fighting       | 4 5 6 8 9 11 12 13 15 16 17 18 | 18.5
Evocations     | 1 5 7 8 |  8.7
Dodging        | |  1.5

Action                   |  1- 3 |  4- 6 |  7- 9 | 10-12 | 13-15 | 16-18 || total
-------------------------+-------+-------+-------+-------+-------+-------++-------
Melee: Mace              |   132 |   233 |   557 |       |       |       ||   922
       Flail             |       |       |    12 |   364 |       |       ||   376
       Great mace        |       |       |       |   583 |  1620 |  1155 ||  3358
       Dire flail        |       |       |       |       |       |   403 ||   403
Invok: Berserk           |       |     3 |     7 |    12 |    15 |     8 ||    45
       Trog's Hand       |       |     1 |     1 |     9 |    18 |    23 ||    52
       Brothers in Arms  |       |       |       |     8 |     4 |       ||    12
       Burn Spellbooks   |       |       |       |       |     2 |     3 ||     5
 Abil: Fly               |       |       |       |       |       |     1 ||     1
Evoke: Wand              |       |       |       |     3 |     4 |       ||     7
       Sack of spiders   |       |       |       |       |       |     1 ||     1
  Use: Scroll            |       |     6 |     6 |     6 |    14 |    15 ||    47
       Potion            |       |     2 |       |       |     4 |     5 ||    11
 Stab: Distracted        |       |       |       |     1 |       |       ||     1
  Eat: Chunk             |     2 |     9 |    18 |    36 |    70 |    25 ||   160
       Ration            |       |       |     2 |     5 |     7 |     8 ||    22
Armor: Scale mail        |    87 |   149 |   186 |       |       |       ||   422
       Chain mail        |       |       |   149 |    69 |       |       ||   218
       Plate armour      |       |       |       |   743 |  1699 |  1590 ||  4032
Dodge: Dodged            |    79 |   150 |   282 |   382 |   746 |   716 ||  2355
Block: Other             |       |       |    40 |   138 |   187 |   153 ||   518
       Reflection        |       |       |     2 |     2 |    11 |    14 ||    29
       Buckler           |       |       |       |     5 |       |       ||     5
